 Dungeon Crawl Stone Soup version 0.28.0-53-g5a82cb258f (webtiles) character file.

Game seed: 9773722236899534103

1907 Nyth the Slicer (level 8, -1/70 HPs)
             Began as a Yellow Draconian Berserker on Aug 4, 2022.
             Was a Believer of Trog.
             Succumbed to a gnoll sergeant's poison
             ... on level 8 of the Dungeon.
             The game lasted 00:22:48 (5570 turns).

Nyth the Slicer (Yellow Draconian Berserker)        Turns: 5570, Time: 00:22:49

Health: -1/70      AC:  6    Str: 22    XL:     8   Next: 94%
Magic:  8/8        EV: 13    Int:  8    God:    Trog [**....]
Gold:   161        SH:  0    Dex: 10    Spells: 7/7 levels left

rFire   . . .      SeeInvis +   j - +8 short sword "Esmaonoekk" {flame, +Blink Fly Will+ SInv}
rCold   . . .      Faith    .   (no shield)
rNeg    . . .      Spirit   .   (armour unavailable)
rPois   .          Reflect  .   (helmet restricted)
rElec   .          Harm     .   (no cloak)
rCorr   +          Rampage  .   (no gloves)
Will    +....      Archmagi +   (no boots)
Stlth   ++........              (no amulet)
HPRegen 0.21/turn               g - ring of the Mage {Wiz Archmagi}
MPRegen 0.11/turn               (no ring)

@: lethally poisoned (-1 -> -32), short of breath, flying
A: spit acid, AC +6, unfitting armour, cold-blooded, acid resistance
a: Breathe Acid, Renounce Religion, Evoke Blink, Berserk, Trog's Hand


You were on level 8 of the Dungeon.
You worshipped Trog.
Trog was pleased with you.
You visited 1 branch of the dungeon, and saw 6 of its levels.

You collected 161 gold pieces.

Inventory:

Hand Weapons
 a - a +0 vampiric falchion
 b - a +0 short sword
 d - a +2 long sword of holy wrath
 j - the +8 short sword "Esmaonoekk" (weapon) {flame, +Blink Fly Will+ SInv}
   (You took it off a hobgoblin on level 2 of the Dungeon)

   It burns those it strikes, dealing additional fire damage.
   SInv:      It lets you see invisible.
   Fly:       It grants you flight.
   +Blink:    It lets you blink.
   Will:      It increases your willpower.
 q - a +0 giant spiked club
 s - a +0 shortbow
Missiles
 k - 31 bolts
 o - 73 arrows
 p - 4 poisoned darts
 x - 5 boomerangs
Armour
 f - a +0 ring mail
 l - a +0 plate armour
 m - a +1 chain mail
Magical Staves
 v - a staff of conjuration
Jewellery
 g - the ring of the Mage (left hand) {Wiz Archmagi}
   (You found it on level 8 of the Dungeon)

   [ring of wizardry]

   It improves your spell success rate.
   Archmagi:  It increases the power of your magical spells.
Wands
 u - a wand of iceblast (8)
Scrolls
 c - a scroll of noise
 r - a scroll of holy word
 t - a scroll of amnesia {unknown}
 y - a scroll of magic mapping
Potions
 e - 2 potions of lignification
 h - a potion of degeneration {unknown}
 i - a potion of mutation
 n - 2 potions of heal wounds {unknown}
 w - a potion of cancellation {unknown}
 z - 2 potions of resistance {unknown}


   Skills:
 + Level 5.6 Fighting
 * Level 8.0(8.7) Short Blades
 + Level 5.0(7.2) Long Blades
 + Level 5.2 Dodging
 + Level 3.0 Stealth


You had 7 spell levels left.
You didn't know any spells.
Your spell library was empty.

Dungeon Overview and Level Annotations

Branches:
Dungeon (8/15)
 Temple: D:4-7         Lair: D:8-11

Altars:
Kikubaaqudgha


Innate Abilities, Weirdness & Mutations

You can spit globs of acid.
Your golden yellow scales are hard. (AC +6)
You cannot fit into any form of body armour.
You are cold-blooded and may be slowed by cold attacks.
You are resistant to acid. (rCorr)


Message History

The gnoll completely misses you.
You puncture the gnoll! You burn the gnoll.
You kill the gnoll!
Trog accepts your kill.
Your Short Blades skill increases to level 8!
Things that are here:
a +0 flail of holy wrath; a gnoll corpse The gnoll sergeant hits you with a +0 trident of venom!
You are poisoned.
You barely miss the gnoll sergeant.
You tail-slap the gnoll sergeant, but do no damage.
You feel very sick.
The gnoll sergeant hits you with a +0 trident of venom!
You are more poisoned.
You hit the gnoll sergeant. You burn the gnoll sergeant.
The gnoll sergeant is moderately wounded.
You feel very sick. The gnoll sergeant barely misses you.
You hit the gnoll sergeant but do no damage.
The gnoll sergeant is moderately wounded.
You feel very sick.
You are too injured to fight recklessly!
You puncture the gnoll sergeant! You burn the gnoll sergeant.
The gnoll sergeant is severely wounded.
You feel very sick.
The gnoll sergeant hits you with a +0 trident of venom!
* * * LOW HITPOINT WARNING * * *
You are more poisoned.
Abil: Breathe Acid
Press: ? - help, Q - select action, (/) - cycle Shift-Dir - straight line, f/p - gnoll sergeant
Aim: a gnoll sergeant, wielding a +0 trident of venom, wearing a +0 ring mail and wearing a +0 buckler (severely wounded, 74% to hit)
You spit a glob of acid.
The glob of acid hits the gnoll sergeant!
The acid corrodes the gnoll sergeant!
You kill the gnoll sergeant!
Trog accepts your kill.
* * * LOW HITPOINT WARNING * * *
You feel extremely sick.
Your Stealth skill increases to level 3!
You die...

# #.....##....####.#
####.....##..<...#..#
.##.................#
.##.......).........#
........#####.......#
#..#...## #..).)..#
##....## ##...)...##
#.....# ###.........#
#.#...# #......@....#
..###...............#
#.##
..######........# .#
.## #.......## .# .#
#........# .#####.#
#......##.# .......#
#....### ## ..#....#
#...## ........


There were no monsters in sight!

Vanquished Creatures
  A wyvern (D:7)
  4 yaks (D:7)
  A steam dragon (D:7)
  2 ogres (D:4)
  A centaur (D:4)
  A kobold brigand (D:3)
  3 bullfrogs
  2 gnoll sergeants (D:8)
  A scorpion (D:3)
  A howler monkey (D:4)
  A centaur zombie (D:7)
  2 hounds
  An iguana (D:4)
  A hound skeleton (D:4)
  A howler monkey zombie (D:8)
  11 gnolls
  An adder (D:2)
  2 worms
  3 dart slugs
  5 orcs
  3 bats
  9 endoplasms
  11 goblins
  6 hobgoblins
  2 jackals (D:2)
  2 quokkas
  5 ball pythons
  3 frilled lizards
  2 kobolds
  5 rats
93 creatures vanquished.

Notes
Turn   | Place    | Note
-------+----------+-------------------------------------------
     0 | D:1      | Nyth the Draconian Berserker began the quest for the Orb.
     0 | D:1      | Reached XP level 1. HP: 19/19 MP: 1/1
   245 | D:1      | Reached XP level 2. HP: 20/26 MP: 2/2
   750 | D:1      | Found a faded altar of an unknown god.
   750 | D:1      | Noticed a smoke demon
  1041 | D:2      | Reached XP level 3. HP: 29/31 MP: 3/3
  1046 | D:2      | Reached ** piety under Trog
  1049 | D:2      | Identified the +8 short sword "Esmaonoekk" {flame, +Blink
                  | Fly Will+ SInv}
  1434 | D:2      | Found an ancient bone altar of Kikubaaqudgha.
  1570 | D:2      | Reached XP level 4. HP: 28/40 MP: 4/4
  2592 | D:3      | Noticed a scorpion
  2602 | D:3      | Killed a scorpion
  2603 | D:3      | Reached skill level 1 in Short Blades
  2603 | D:3      | Reached XP level 5. HP: 46/46 MP: 5/5
  2916 | D:3      | Reached skill level 2 in Short Blades
  3026 | D:3      | Reached skill level 1 in Stealth
  3687 | D:4      | Reached XP level 6. HP: 46/53 MP: 6/6
  3792 | D:4      | Reached skill level 3 in Short Blades
  4016 | D:4      | Your scales start taking on a golden yellow colour.
  4016 | D:4      | Reached XP level 7. HP: 60/60 MP: 7/7
  4016 | D:4      | Gained mutation: You are resistant to acid. (rCorr) [Yellow
                  | Draconian growth]
  4060 | D:4      | Reached skill level 4 in Short Blades
  4236 | D:4      | You are sucked into a shaft and drop 3 floors!
  4251 | D:7      | Noticed a yak
  4252 | D:7      | Noticed a yak
  4253 | D:7      | Noticed a yak
  4253 | D:7      | Noticed a yak
  4266 | D:7      | Killed a yak
  4267 | D:7      | Reached skill level 5 in Long Blades
  4269 | D:7      | Killed a yak
  4270 | D:7      | Reached skill level 5 in Fighting
  4270 | D:7      | Reached skill level 5 in Short Blades
  4270 | D:7      | Killed a yak
  4271 | D:7      | Reached XP level 8. HP: 68/68 MP: 8/8
  4275 | D:7      | Reached skill level 6 in Short Blades
  4616 | D:7      | Reached skill level 7 in Short Blades
  5259 | D:8      | Reached skill level 5 in Dodging
  5294 | D:8      | Found the ring of the Mage {Wiz Archmagi}
  5563 | D:8      | Reached skill level 8 in Short Blades
  5570 | D:8      | Succumbed to a gnoll sergeant's poison

Illustrated notes

Levels and vault maps discovered:
D:1:      nicolae_arrival_memento_mori, layout_loops_ring,
          dreamdust_ecumenical_altar_sealed_demon, st_stairs_6,
          grunt_decor_mini_mirrors
D:2:      layout_basic, basic_altar, minmay_close_crescents
D:3:      layout_basic
D:4:      layout_cave_pools, chequers_serial_rivers_micro_e,
          uniq_crazy_yiuf_cottage
D:7:      layout_basic, kennysheep_nondescript, minivault_1,
          kennysheep_big_empty_room
D:8:      layout_layer_cave, chequers_serial_rivers_room_a, dk_rats_in_the_wall

Skill      XL: |  1  2  3  4  5  6  7  8 |
---------------+-------------------------+-----
Dodging        | 3 4 5 |  5.2
Long Blades    | 4 5 |  5.0
Fighting       | 4 5 |  5.6
Short Blades   | 1 2 3 5 8 |  8.0
Stealth        | 1 2 3 |  3.0

Action                   |  1- 3 |  4- 6 |  7- 9 || total
-------------------------+-------+-------+-------++-------
Melee: Falchion          |    54 |       |       ||    54
       Tailslap          |    10 |     1 |    11 ||    22
       Short sword       |    31 |    66 |    60 ||   157
       Punch             |       |     1 |       ||     1
Invok: Berserk           |       |     3 |     5 ||     8
 Abil: Breathe Acid      |       |       |     4 ||     4
  Use: Scroll            |       |    10 |       ||    10
       Potion            |       |       |     1 ||     1
Armor: Skin              |    23 |    11 |    21 ||    55
Dodge: Dodged            |    44 |    46 |    39 ||   129
